AoeStats
← Racha

Arabian Desert

509665192Analyzed
1v1 RM · 4d ago on Sep 27, 2026· 24m 24s· 2 players
Game mode
Random Map
Map size
Tiny (2 player)
Population
200
Speed
Normal
Resources
Standard
Victory
Conquest
Starting age
Dark Age
Ending age
Imperial Age
RankedLock teamsTeams togetherTeam positionsShared explorationLock speedFull tech treeHidden civsTurbo modeCheats
Victory
Defeat
🇨🇱 Saxons · Chile
1369
+15
🇵🇪 Britons · Peru
1344
-15
Racha
5:35 Loom
8:51 Feudal Age
9:08 Man-at-Arms
15:07 Fletching
15:56 Double-Bit Axe
22:26 Horse Collar
24:11 Padded Archer Armor
voodoomsr
7:08 Loom
8:59 Feudal Age
9:54 Double-Bit Axe
15:54 Fletching
18:11 Padded Archer Armor
23:39 Castle Age
24:22 Bodkin Arrow
25:10 Leather Archer Armor
24:20 Crossbowman
Connection lost

Rejoining the realm…

Still unreachable

The connection could not be restored.

Session expired

The server has moved on; the page needs a fresh start.